Map: Terrasses de Prion

Players

Highlow

  • Race: Terran Terran
  • League: Platinum

Worming - Winner!

  • Race: Zerg Zerg
  • League: Diamond

VOD

Have the link to the VOD?

Description

Time

  • Played on: Nov. 15, 2015, 2:48 p.m.
  • Length: 12:20
Show
View Real Time Build Order
Export as new Build Order

Highlow Terran 

Build Orders: MMM Bio 

Get SALT Encoding   

  12  0:00  SCV  
  13  0:13  SCV  
  14  0:18  Supply Depot  
  14  0:25  SCV  
  15  0:39  SCV  
  15  0:41  Barracks  
  16  0:52  SCV  
  17  1:04  SCV  
  18  1:19  Command Center  
  18  1:22  SCV  
  19  1:29  Marine  
  20  1:37  Orbital Command  
  20  1:53  Refinery x2  
  20  2:04  SCV  
  21  2:13  Barracks  
  21  2:14  Barracks  
  21  2:16  SCV  
  21  2:20  Supply Depot  
  22  2:23  Barracks Tech Lab  
  22  2:28  SCV  
  23  2:41  Orbital Command  
  23  2:42  SCV  
  23  2:45  Marine  
  23  2:50  Combat Shields  
  24  2:56  Bunker  
  24  3:00  SCV  
  25  3:10  Marine  
  25  3:11  Marine x2  
  27  3:18  SCV  
  27  3:19  SCV  
  28  3:36  SCV x2  
  30  3:46  Factory  
  30  3:48  Barracks Tech Lab, Engineering Bay, SCV x2  
  31  3:49  Barracks Reactor  
  31  3:50  Engineering Bay, Barracks Reactor  
  31  3:52  Marine  
  33  4:00  SCV x2  
  35  4:03  Bunker  
  35  4:08  Supply Depot  
  35  4:09  Stimpack  
  35  4:12  SCV, Marine  
  28  4:27  Marine x2  
  28  4:30  Marine  
  29  4:33  Marine x2  
  29  4:36  Terran Infantry Weapons Level 1, Terran Infantry Armor Level 1  
  31  4:43  Bunker  
  31  4:47  Marine x2  
  25  4:53  Marine x2  
  20  5:01  Orbital Command  
  20  5:03  Bunker  
  19  5:08  Supply Depot  
  19  5:12  SCV  
  19  5:13  Marine  
  21  5:24  SCV  
  21  5:28  SCV  
  23  5:35  Marine x2  
  23  5:36  SCV, Marine x2  
  23  5:40  SCV  
  28  5:48  SCV  
  28  5:49  Orbital Command  
  29  5:57  Marine x2  
  29  5:58  Marine x2  
  29  6:02  Marine  
  35  6:04  SCV  
  35  6:07  Armory  
  35  6:11  Starport  
  35  6:19  Factory Reactor  
  35  6:20  SCV  
  35  6:23  SCV  
  37  6:32  SCV  
  37  6:36  SCV  
  39  6:43  Bunker  
  39  6:45  SCV  
  39  6:47  Supply Depot  
  40  6:48  SCV  
  40  6:49  Supply Depot  
  38  6:57  SCV  
  38  7:00  Marine  
  38  7:01  Marine x4  
  37  7:03  Terran Infantry Weapons Level 2  
  39  7:10  SCV x2  
  39  7:12  Refinery  
  39  7:13  Factory Tech Lab  
  41  7:17  Supply Depot  
  41  7:18  Marine  
  41  7:20  Medivac  
  41  7:22  SCV  
  45  7:27  SCV  
  46  7:34  SCV  
  46  7:35  Medivac  
  49  7:43  Marine  
  50  7:47  Marine x2  
  50  7:49  Command Center, Marine  
  53  7:52  SCV  
  53  7:54  Marauder  
  55  8:07  Marine x4  
  56  8:15  Marine  
  51  8:25  Marine x4  
  54  8:28  Barracks  
  54  8:30  Barracks  
  54  8:33  Marauder  
  56  8:36  Bunker x2  
  56  8:41  Siege Tank  
  56  8:42  Marine  
  56  8:43  Marine  
  58  8:53  Liberator x2  
  58  8:54  Marauder  
  59  8:59  SCV x2  
  59  9:03  Marine x3  
  59  9:04  Marine  
  63  9:11  SCV x2  
  63  9:14  Siege Tank  
  74  9:19  Refinery  
  74  9:22  Orbital Command  
  74  9:23  SCV  
  75  9:24  SCV  
  76  9:35  Liberator  
  76  9:36  Liberator  
  70  9:46  Marine x4  
  70  9:49  Barracks Tech Lab  
  70  9:50  Barracks Reactor  
  74  9:56  SCV x3  
  83  10:02  Terran Infantry Armor Level 2  
  83  10:03  Marine  
  83  10:04  Refinery  
  83  10:06  Refinery  
  84  10:08  SCV  
  84  10:10  Supply Depot x2  
  85  10:16  SCV  
  85  10:17  SCV  
  85  10:20  SCV  
  85  10:31  Marine x2  
  85  10:32  Marine x6  
  91  10:47  Liberator x2  
  91  10:48  Marine  
  91  10:49  Marine x3, Marauder  
  84  10:50  Marauder  
  85  10:57  Marine x2  
  71  11:06  Marine  
  71  11:07  Marine x3  
  71  11:09  Barracks x2  
  71  11:10  Marauder  
  84  11:11  Marauder  
  84  11:12  SCV x2  
  84  11:13  Barracks  
  84  11:14  Barracks  
  84  11:15  Marine  
  87  11:20  SCV  
  87  11:21  Siege Tank  
  87  11:24  SCV  
  92  11:36  Supply Depot  
  92  11:38  SCV x3  
  92  11:39  Command Center  
  95  11:50  SCV  
Show
View Real Time Build Order
Export as new Build Order

Worming Zerg - Winner!

Build Orders: Hatch First, Lurkers, Zergling Baneling 

Get SALT Encoding   

  12  0:01  Drone  
  13  0:08  Drone  
  14  0:19  Overlord  
  14  0:27  Extractor  
  14  0:28  Drone, Extractor  
  13  0:29  Drone  
  16  0:37  Drone  
  17  0:45  Drone  
  18  1:01  Drone, Hatchery  
  18  1:20  Drone  
  18  1:22  Spawning Pool  
  18  1:25  Extractor  
  17  1:34  Drone x2  
  19  1:45  Overlord  
  19  1:54  Drone  
  19  2:01  Drone  
  21  2:14  Zergling x4  
  21  2:15  Queen x2  
  27  2:25  Drone x2  
  29  2:30  Metabolic Boost  
  29  2:39  Drone x2  
  31  2:45  Drone x2  
  31  2:51  Queen  
  35  2:59  Drone  
  35  3:00  Overlord  
  36  3:16  Overlord  
  36  3:23  Baneling Nest  
  35  3:27  Zergling x4  
  35  3:28  Zergling x4  
  38  3:45  Zergling x8  
  38  3:46  Zergling x2  
  43  3:57  Zergling x2, Overlord  
  43  3:58  Zergling x2  
  43  4:01  Hatchery  
  44  4:17  Extractor  
  43  4:19  Extractor  
  43  4:21  Roach Warren  
  41  4:26  Baneling  
  41  4:27  Baneling x7  
  41  4:37  Drone x3  
  41  4:38  Drone x3, Overlord x2  
  40  4:55  Zergling x10  
  41  5:09  Drone x7  
  41  5:10  Lair  
  48  5:14  Evolution Chamber  
  48  5:15  Drone  
  48  5:25  Drone  
  48  5:27  Drone  
  50  5:36  Drone x3  
  50  5:37  Drone x4  
  50  5:42  Zerg Ground Armor Level 1  
  56  5:54  Zergling x6  
  59  5:59  Overlord  
  59  6:02  Drone x3  
  62  6:04  Roach x2  
  62  6:05  Roach x2  
  62  6:07  Baneling x4  
  62  6:08  Baneling  
  70  6:14  Drone x3  
  73  6:20  Drone  
  73  6:21  Spire  
  73  6:22  Drone  
  73  6:23  Extractor  
  73  6:27  Glial Reconstitution  
  73  6:29  Drone x3  
  73  6:32  Drone x2, Extractor  
  78  6:33  Extractor  
  78  6:34  Drone x2  
  78  6:35  Drone  
  78  6:37  Baneling  
  78  6:38  Baneling x4  
  79  6:44  Drone x3  
  66  7:08  Overlord x2  
  66  7:10  Roach, Evolution Chamber  
  66  7:11  Roach x7  
  81  7:21  Drone  
  81  7:22  Overlord x3  
  82  7:27  Queen x2  
  86  7:30  Hatchery  
  86  7:32  Ravager x2  
  86  7:33  Ravager x3  
  86  7:35  Zerg Flyer Weapons Level 1  
  86  7:36  Overseer  
  90  7:40  Zerg Missile Weapons Level 1  
  90  7:41  Zergling x2  
  90  7:42  Zergling x10  
  92  8:23  Roach x5  
  92  8:24  Roach x6  
  113  8:31  Drone x2  
  115  8:35  Tunneling Claws  
  115  8:36  Burrow  
  115  8:38  Hydralisk Den  
  112  8:47  Extractor  
  106  8:49  Extractor  
  97  9:04  Drone x4  
  97  9:05  Drone x2, Overlord x3  
  97  9:06  Hydralisk  
  97  9:07  Hydralisk x6  
  97  9:08  Lurker Den  
  117  9:12  Zerg Ground Armor Level 2  
  117  9:14  Infestation Pit  
  117  9:17  Overlord x2  
  116  9:18  Zergling x2, Roach x3  
  123  9:27  Hatchery  
  111  9:42  Zerg Missile Weapons Level 2  
  111  9:47  Drone x10  
  111  9:51  Hive  
  121  9:53  Zerg Flyer Armor Level 1  
  121  9:56  Overlord x3  
  121  9:57  Roach  
  121  9:58  Roach x5  
  133  10:04  Evolution Chamber  
  132  10:13  Zergling x2  
  127  10:22  Hydralisk x2  
  127  10:23  Roach x2, Hydralisk x2  
  127  10:24  Roach  
  139  10:38  Lurker x5  
  139  10:39  Roach, Hydralisk x3  
  139  10:40  Zergling x6, Roach x3  
  135  11:03  Hydralisk x3  
  135  11:04  Roach x4, Hydralisk  
  139  11:05  Zergling x18, Roach  
  139  11:08  Queen x2  
  162  11:15  Spine Crawler  
  159  11:21  Queen  
  159  11:22  Queen  
  163  11:26  Ultralisk Cavern  
  162  11:33  Overlord x3  
  162  11:37  Roach x6  
  173  11:50  Spine Crawler  
  173  11:52  Spine Crawler  
Tags
 
Add a new tag
Caveats
  • Supply blocks, unpowered buildings, or Contaminate may cause inaccurate times.
  • Supply counts are checked every 10 seconds.